 Dungeon Crawl Stone Soup version 0.30-a0-845-g7c6808c8ce (webtiles) character file.

Game seed: 12501264959639314925

7216 qeuew the Cleaver (level 10, -6/75 (89) HPs)
             Began as a Minotaur Fighter on Mar 2, 2023.
             Was a Priest of Fedhas.
             Mangled by a spectral orc warrior
             ... wielding a +0 dire flail
             ... summoned by Nergalle
              (17 damage)
             ... on level 10 of the Dungeon.
             The game lasted 00:10:48 (7584 turns).

qeuew the Cleaver (Minotaur Fighter)                Turns: 7584, Time: 00:10:49

HP:   -6/75 (89)    AC:  5    Str: 28    XL:     10   Next: 87%
MP:   13/13         EV: 13    Int:  4    God:    Fedhas [***...]
Gold: 520           SH: 18    Dex: 22    Spells: 9/9 levels left

rFire   . . .      SeeInvis +    a - +1 war axe
rCold   . . .      Faith    .    v - +1 tower shield "Ihumeugaq" {Contam Regen+ Slay+2}
rNeg    . . .      Spirit   .    l - +1 leather armour of Awe {Regen+ SInv}
rPois   .          Reflect  .    (helmet restricted)
rElec   .          Rampage  .    (no cloak)
rCorr   .                        (no gloves)
Will    .....                    (no boots)
Stlth   ++                       u - amulet of regeneration
HPRegen 2.72/turn                m - +6 ring of dexterity
MPRegen 0.13/turn                j - +6 ring of dexterity

@: studying Shields, heavily drained
A: horns 2, retaliatory headbutt, talons 1, high MP 1, strong 1
a: Renounce Religion, Wall of Briars, Grow Ballistomycete


You were on level 10 of the Dungeon.
You worshipped Fedhas.
Fedhas was most pleased with you.
You visited 1 branch of the dungeon, and saw 10 of its levels.
You also visited: Bailey.

You collected 520 gold pieces.

Inventory:

Hand Weapons
 a - a +1 war axe (weapon)
Armour
 l - the +1 leather armour of Awe (worn) {Regen+ SInv}
   (You found it on level 3 of the Dungeon)

   SInv:      It lets you see invisible.
   Regen:     It increases your rate of health regeneration.
 v - the +1 tower shield "Ihumeugaq" (worn) {Contam Regen+ Slay+2}
   (You found it on level 5 of the Dungeon)

   Slay:      It affects your accuracy & damage with ranged weapons and melee
   (+2).
   Contam:    It causes magical contamination when unequipped.
   Regen:     It increases your rate of health regeneration.
Jewellery
 j - a +6 ring of dexterity (right hand)
 m - a +6 ring of dexterity (left hand)
 u - an amulet of regeneration (around neck)
 x - a ring of resist corrosion
Wands
 q - a wand of acid (16)
 y - a wand of roots (17)
Scrolls
 e - 3 scrolls of fog
 f - 2 scrolls of silence
 h - 2 scrolls of enchant armour
 i - 2 scrolls of enchant weapon
 t - a scroll of teleportation
 w - 2 scrolls of fear
 B - a scroll of summoning
 C - a scroll of blinking
Potions
 b - 5 potions of invisibility
 c - 4 potions of brilliance
 d - 6 potions of might
 g - 2 potions of haste
 k - 4 potions of curing
 n - a potion of magic
 o - a potion of cancellation
 p - a potion of ambrosia
 r - 4 potions of mutation
 s - 5 potions of heal wounds
 z - a potion of berserk rage
 A - a potion of flight


   Skills:
 + Level 8.3 Fighting
 * Level 10.8 Axes
 * Level 9.7 Armour
 + Level 6.6 Dodging
 + Level 8.4 Shields
 + Level 3.9 Invocations
 + Level 3.5 Evocations


You had 9 spell levels left.
You didn't know any spells.
Your spell library contained the following spells:

 Spells                   Type           Power      Damage    Failure   Level
 Blink                    Tloc           0%         N/A       100%        2
 Ensorcelled Hibernation  Hex/Ice        0%         N/A       100%        2
 Lesser Beckoning         Tloc           0%         N/A       100%        2
 Momentum Strike          Conj/Tloc      0%         3d8       100%        2
 Frozen Ramparts          Ice            0%         1d1       100%        3
 Gell's Gravitas          Tloc           0%         N/A       100%        3
 Inner Flame              Hex/Fire       0%         N/A       100%        3
 Spider Form              Tmut/Pois      0%         N/A       100%        3
 Teleport Other           Tloc           0%         N/A       100%        3
 Anguish                  Hex/Necr       0%         N/A       100%        4
 Cause Fear               Hex            0%         N/A       100%        4
 Ice Form                 Ice/Tmut       0%         N/A       100%        4
 Summon Ice Beast         Ice/Summ       0%         N/A       100%        4
 Discord                  Hex            0%         N/A       100%        8


Dungeon Overview and Level Annotations

Branches:
Dungeon (10/15)            Temple (0/1) D:7            Lair (0/5) D:8
    Orc (0/2) D:9          Bailey (visited)

Altars:
Dithmenos
Elyvilon
Fedhas
Gozag
Kikubaaqudgha
Nemelex Xobeh
Okawaru
Sif Muna
Trog
Wu Jian
Yredelemnul
The Shining One

Shops:
D:5 =

Portals:
Abyss: D:7

Annotations:
D:5 1 runed translucent door, cforsyth's ghost, novice KoBr
D:7 2 transporters, jimonade's ghost, novice DjWr
D:10 3 runed translucent doors, Nergalle; monoptic's ghost, journeyman HOFi


Innate Abilities, Weirdness & Mutations

You have a pair of horns on your head.
You reflexively headbutt those who attack you in melee.
You have sharp toenails.
You have an increased reservoir of magic. (+10% MP)
Your muscles are strong. (Str +4, Int/Dex -1)


Message History

Nergalle is almost dead.
You hit the spectral orc warrior. x2
You block the spectral orc warrior's attack. x2
You block Nergalle's attack.
The spectral orc warrior hits you with a +0 dire flail.
The spectral orc warrior closely misses you.
You slash Nergalle! Your kick misses Nergalle.
Nergalle is almost dead.
You hit the spectral orc warrior but do no damage.
You slash the spectral orc warrior!
The spectral orc warrior hits you with a +0 dire flail!
* * * LOW HITPOINT WARNING * * *
You feel drained.
* * * LOW HITPOINT WARNING * * *
You block Nergalle's attack. The spectral orc warrior misses you.
The spectral orc warrior hits you with a +0 short sword.
* * * LOW HITPOINT WARNING * * *
You block Nergalle's attack.
You hit Nergalle but do no damage. You claw Nergalle, but do no damage.
You headbutt Nergalle.
Nergalle is almost dead.
You hit the spectral orc warrior.
You hit the spectral orc warrior but do no damage.
You block the spectral orc warrior's attack.
The spectral orc warrior hits you with a +0 short sword!
* * * LOW HITPOINT WARNING * * *
You block Nergalle's attack.
You block the spectral orc warrior's attack.
You hit Nergalle but do no damage.
You headbutt Nergalle, but do no damage.
Nergalle is almost dead.
You hit the spectral orc warrior.
You hit the spectral orc warrior but do no damage.
The spectral orc warrior misses you.
You block the spectral orc warrior's attack.
Nergalle hits you with a +0 dagger.
* * * LOW HITPOINT WARNING * * *
The spectral orc warrior hits you with a +0 dire flail!
You die...
Fedhas appreciates your contribution to the ecosystem.

..................#
..................#
..................#
..................#
..................#
..)...............#
..).....#####.....#
.......## ##...Z#
.......# ##.@.#
.......+ #.oZ#
.###...+ #...# .#
...# #..># . ...#
#...# ....# ....#
.....#


You could see Nergalle and 2 spectral orc warriors.

Vanquished Creatures
  A two-headed ogre (D:9)
  A cyclops (D:9)
  A troll (D:9)
  A wraith (D:10)
  6 yaks (D:7)
  A wyvern (D:8)
  A water moccasin (D:5)
  4 orc warriors
  2 ice beasts (D:5)
  A hornet zombie (D:5)
  8 centaurs
  A wolf (D:10)
  2 ogres
  A phantom (D:6)
  2 kobold brigands
  3 bullfrogs
  4 necrophages (D:5)
  2 gnoll sergeants
  3 scorpions
  11 wights
  8 killer bees
  2 howler monkeys
  A bullfrog zombie (D:5)
  3 hounds
  9 orc priests
  3 jellies
  5 iguanas
  2 sleepcaps (D:5)
  4 orc wizards
  A scorpion zombie (D:5)
  A howler monkey zombie (D:5)
  13 gnolls
  11 adders
  A shadow imp (D:5)
  A white imp (D:6)
  3 worms
  5 dart slugs
  27 orcs
  3 endoplasms
  3 giant cockroaches
  16 goblins
  8 hobgoblins
  9 jackals
  6 quokkas
  9 ball pythons
  9 bats
  5 frilled lizards
  21 kobolds
  11 rats
  4 bushes (D:5)
260 creatures vanquished.

Vanquished Creatures (collateral kills)
  An orc warrior (Bailey)
  4 gnolls (Bailey)
  2 orcs (Bailey)
7 creatures vanquished.

Vanquished Creatures (others)
  A human (D:3)
  A bush (D:5)
  11 plants (D:5)
13 creatures vanquished.

Grand Total: 280 creatures vanquished

Notes
Turn   | Place    | Note
-------+----------+-------------------------------------------
     0 | D:1      | qeuew the Minotaur Fighter began the quest for the Orb.
     0 | D:1      | Reached XP level 1. HP: 19/19 MP: 0/0
    89 | D:1      | Reached XP level 2. HP: 27/27 MP: 1/1
   252 | D:1      | Reached skill level 3 in Axes
   414 | D:1      | Reached skill level 1 in Dodging
   442 | D:1      | Reached XP level 3. HP: 33/33 MP: 2/2
  1311 | D:2      | Reached XP level 4. HP: 40/40 MP: 3/3
  1527 | D:2      | Gained mutation: Your mind is acute. (Int +4, Str/Dex -1)
                  | [potion of mutation]
  1527 | D:2      | Gained mutation: You occasionally lose the ability to drink
                  | potions when taking damage. [potion of mutation]
  1533 | D:2      | Lost mutation: Your mind is acute. (Int +4, Str/Dex -1)
                  | [potion of mutation]
  1533 | D:2      | Lost mutation: You occasionally lose the ability to drink
                  | potions when taking damage. [potion of mutation]
  1533 | D:2      | Gained mutation: You have sharp toenails. [potion of
                  | mutation]
  1533 | D:2      | Gained mutation: You have an increased reservoir of magic.
                  | (+10% MP) [potion of mutation]
  1533 | D:2      | Gained mutation: Your muscles are strong. (Str +4, Int/Dex
                  | -1) [potion of mutation]
  1600 | D:3      | Found a faded altar of an unknown god.
  1711 | D:3      | Identified the +1 leather armour of Awe {Regen+ SInv}
  1939 | D:3      | Reached skill level 4 in Axes
  1987 | D:3      | Reached XP level 5. HP: 45/47 MP: 4/4
  2218 | D:3      | Found an ancient bone altar of Kikubaaqudgha.
  2219 | D:3      | Noticed a human
  2221 | D:3      | Killed a human
  2475 | D:4      | Reached XP level 6. HP: 50/53 MP: 5/5
  2498 | D:4      | Reached skill level 5 in Axes
  2598 | D:4      | Noticed an orc warrior
  2609 | D:4      | Killed an orc warrior
  2610 | D:4      | Reached skill level 5 in Fighting
  2610 | D:4      | Reached skill level 5 in Armour
  2610 | D:4      | Reached skill level 5 in Shields
  2873 | D:5      | Entered Level 5 of the Dungeon
  2895 | D:5      | Reached XP level 7. HP: 61/61 MP: 6/6
  3004 | D:5      | Found Rux Wetz's Jewellery Emporium.
  3031 | D:5      | Reached skill level 6 in Axes
  3080 | D:5      | Found a runed translucent door.
  3120 | D:5      | Identified the +1 tower shield "Ihumeugaq" {Contam Regen+
                  | Slay+2}
  3159 | D:5      | Reached XP level 8. HP: 22/70 MP: 7/7
  3163 | D:5      | Reached skill level 7 in Axes
  3487 | D:5      | Found a blossoming altar of Fedhas.
  3552 | D:5      | Found a shimmering blue altar of Sif Muna.
  3905 | D:5      | Noticed cforsyth's ghost (novice KoBr)
  3987 | D:5      | Reached skill level 8 in Axes
  3996 | D:5      | Became a worshipper of Fedhas Madash
  4303 | D:6      | Found a basalt altar of Yredelemnul.
  4304 | D:6      | Found an iron altar of Okawaru.
  4378 | D:6      | Reached XP level 9. HP: 78/78 MP: 9/9
  4841 | D:6      | Reached skill level 1 in Evocations
  4933 | D:7      | Reached skill level 5 in Dodging
  4933 | D:7      | Reached skill level 1 in Invocations
  4958 | D:7      | HP: 1/70 [wight/+4 halberd (3)]
  5068 | D:7      | Found a transporter.
  5082 | D:7      | Reached skill level 9 in Axes
  5116 | D:7      | Found a bloodstained altar of Trog.
  5185 | D:7      | Reached * piety under Fedhas
  5350 | D:7      | Found a transporter.
  5356 | D:7      | Found a staircase to the Ecumenical Temple.
  5469 | D:7      | Noticed jimonade's ghost (novice DjWr)
  5533 | D:7      | Noticed a toenail golem
  5549 | D:7      | Found a one-way gate to the infinite horrors of the Abyss.
  5677 | D:8      | Reached XP level 10. HP: 86/86 MP: 12/12
  5722 | D:8      | Found a staircase to the Lair.
  6103 | D:8      | Reached ** piety under Fedhas
  6149 | D:8      | Found an ornate altar of the Wu Jian Council.
  6395 | D:9      | Found a glowing golden altar of the Shining One.
  6412 | D:9      | Noticed a two-headed ogre
  6415 | D:9      | Reached skill level 10 in Axes
  6421 | D:9      | Killed a two-headed ogre
  6586 | D:9      | Identified the +6 falchion of the Past {holy, rC+ Will+
                  | Str+2 Stlth+}
  6631 | D:9      | Noticed a cyclops
  6639 | D:9      | Killed a cyclops
  6895 | D:9      | Found a staircase to the Orcish Mines.
  6994 | D:9      | Identified a scroll of acquirement
  6994 | D:9      | Acquired a manual of Shields
  7013 | D:10     | Entered Level 10 of the Dungeon
  7014 | D:10     | Found a runed translucent gate.
  7014 | D:10     | Found a runed translucent gate.
  7014 | D:10     | Found a runed translucent gate.
  7042 | D:10     | Found a flagged portal.
  7059 | Bailey   | Entered a bailey
  7112 | Bailey   | Reached *** piety under Fedhas
  7367 | D:10     | Found a shadowy altar of Dithmenos.
  7371 | D:10     | Found a sparkling altar of Nemelex Xobeh.
  7382 | D:10     | Found a white marble altar of Elyvilon.
  7382 | D:10     | Found an opulent altar of Gozag.
  7422 | D:10     | Noticed monoptic's ghost (journeyman HOFi)
  7568 | D:10     | Noticed Nergalle
  7584 | D:10     | Mangled by a spectral orc warrior

Illustrated notes

Levels and vault maps discovered:
D:1:      dpeg_arrival_short_road, layout_basic, serial_rivers,
          chequers_serial_rivers_micro_c, chequers_serial_rivers_micro_b,
          chequers_serial_rivers_small_b, chequers_serial_rivers_small_a,
          chequers_serial_rivers_large_a
D:2:      layout_basic
D:3:      minmay_razor_zed, layout_rooms, tgw_kikubaaqudgha,
          shapermc_ecumenical_altar_mp_highgroup
D:4:      layout_cave_pools
D:5:      layout_basic, fedhas_altar_decomposition, lemuel_blue_sif_altar,
          ebering_ghost_sewer_d, serial_shops, nicolae_shop_stone,
          minmay_fountain_box, minmay_increasing_density
D:6:      layout_cave_pods, gammafunk_temple_overflow_pools
D:7:      layout_basic, minmay_temple_entry_slanted,
          gammafunk_ghost_abyssal_escape, david_defended_altar_orc
D:8:      layout_loops_ring, nicolae_wu_jian_immortal_techniques,
          lair_entry_dummy
D:9:      layout_loops_ring, nicolae_overflow_crystal_walls, orc_0_dummy,
          lightli_minifort
D:10:     layout_big_octagon, mainiacjoe_overflow_six_doors_small,
          grunt_temple_overflow_open, enter_bailey_3, gammafunk_ghost_icy,
          serial_gnoll_camp, grums_kennel, gnoll_camp_mini_basic,
          gnoll_camp_mini_house, gnoll_camp_mini_hut, dk_vineyard_2,
          uniq_nergalle

Skill      XL: |  1  2  3  4  5  6  7  8  9 10 |
---------------+-------------------------------+-----
Axes           | 3 4 5 6 8 9 10 | 10.8
Dodging        | 1 2 3 4 5 6 |  6.6
Armour         | 4 5 6 8 9 |  9.7
Shields        | 4 5 6 7 8 |  8.4
Fighting       | 4 5 6 7 8 |  8.3
Evocations     | 2 3 |  3.5
Invocations    | 2 3 |  3.9

Action                     |  1- 3 |  4- 6 |  7- 9 | 10-12 || total
---------------------------+-------+-------+-------+-------++-------
  Melee: War axe           |   103 |    82 |   185 |   147 ||   517
         Headbutt          |    12 |     9 |    39 |    30 ||    90
         Kick              |       |    19 |    65 |    43 ||   127
    Use: Scroll            |     5 |    10 |     3 |     5 ||    23
         Potion            |       |     9 |     1 |     1 ||    11
   Stab: Distracted        |       |     1 |       |       ||     1
         Sleeping          |       |       |     2 |     5 ||     7
 Armour: Scale mail        |    48 |     5 |       |       ||    53
         Leather armour    |       |    15 |    32 |    16 ||    63
  Dodge: Dodged            |    47 |    51 |    68 |    97 ||   263
  Block: Buckler           |    15 |    24 |     3 |       ||    42
         Tower shield      |       |       |   182 |   213 ||   395

Table legend: (Time is in decaauts)
 A = Elapsed time spent in this place.
 B = Non-inter-level travel time spent in this place.
 C = Inter-level travel time spent in this place.
 D = Time resting spent in this place.
 E = Time spent auto-exploring this place.
 F = Levels seen in this place.
 G = Mean time per level.
                   A        B        C        D        E       F      G
               +--------+--------+--------+--------+--------+-----+--------+
         Total |   7799 |   7501 |    298 |     50 |   5918 |  11 |  709.0 |
       Dungeon |   7529 |   7231 |    298 |     50 |   5742 |  10 |  752.9 |
        Bailey |    269 |    269 |      0 |      0 |    176 |   1 |  269.0 |
               +--------+--------+--------+--------+--------+-----+--------+

Top non-repeatable levels by time:
     D:5: 1201 daAuts
     D:6: 909 daAuts
     D:1: 876 daAuts
     D:2: 797 daAuts
     D:3: 773 daAuts
     D:9: 771 daAuts
     D:7: 706 daAuts
     D:8: 656 daAuts
     D:4: 497 daAuts
    D:10: 339 daAuts
  Bailey: 269 daAuts
